 Dungeon Crawl Stone Soup version 0.28-a0-87-g9a7839dea9 (webtiles) character file.

Game seed: 14927658024716425618

88 pyrow613 the Shooter (level 4, -1/25 HPs)
             Began as a Deep Elf Hunter on Aug 6, 2021.
             Slain by Terence (6 damage)
             ... on level 3 of the Dungeon.
             The game lasted 00:09:41 (2137 turns).

pyrow613 the Shooter (Deep Elf Hunter)              Turns: 2137, Time: 00:09:41

Health: -1/25      AC:  7    Str: 10    XL:     4   Next: 29%
Magic:  6/6        EV: 24    Int: 16    God:
Gold:   120        SH:  0    Dex: 15    Spells: 3/3 levels left

rFire   . . .      SeeInvis .   a - +1 shortbow
rCold   . . .      Faith    .   (shield currently unavailable)
rNeg    . . .      Spirit   .   m - +0 scale mail
rPois   .          Reflect  .   (no helmet)
rElec   .          Harm     .   (no cloak)
rCorr   .          Rampage  .   (no gloves)
Will    .....                   j - +0 pair of boots
Stlth   ..........              k - amulet of the acrobat
HPRegen 0.08/turn               (no ring)
MPRegen 0.10/turn               (no ring)

@: acrobatic
A: no striking features
a: no special abilities


You were on level 3 of the Dungeon.
You visited 1 branch of the dungeon, and saw 3 of its levels.

You collected 120 gold pieces.

Inventory:

Hand Weapons
 a - a +1 shortbow (weapon)
 b - a +0 dagger
 e - a +0 short sword
Missiles
 d - 5 arrows (quivered ammo)
Armour
 j - a +0 pair of boots (worn)
 m - a +0 scale mail (worn)
Jewellery
 k - an amulet of the acrobat (around neck)
Wands
 p - a wand of flame (23)
Scrolls
 g - a scroll of teleportation {unknown}
 h - a scroll of torment {unknown}
 i - a scroll of fear {unknown}
 q - a scroll of immolation {unknown}
Potions
 c - a potion of berserk rage {unknown}
 f - a potion of curing {unknown}
 l - 2 potions of mutation {unknown}
 n - a potion of brilliance {unknown}
 o - 2 potions of lignification {unknown}


   Skills:
 - Level 1.5 Fighting
 * Level 7.0 Bows
 + Level 3.7 Dodging
 - Level 1.2 Stealth


You had 3 spell levels left.
You didn't know any spells.
Your spell library was empty.

Dungeon Overview and Level Annotations

Branches:
Dungeon (3/15)

Altars:
Cheibriados

Shops:
D:1 *?[

Annotations:
D:3 Terence


Message History

Terence hits you with a +0 flail.
You are too injured to fight recklessly!
You are too injured to fight recklessly!
You see here a +0 flail.
Things that are here:
a +0 short sword; a stone; a kobold corpse Terence says, "Did you write a will?
You should..."
Terence screams, "I want your blood!"
There is a stone staircase leading down here.
You are too injured to fight recklessly!
Terence looks scornfully at you.
You are too injured to fight recklessly!
Fire: 8 arrows
Press: ? - help, Q - select action, (/) - cycle Shift-Dir - straight line, f/p - Terence
Aim: Terence, wielding a +0 flail and wearing a +0 chain mail (moderately wounded, 69% to hit)
You shoot an arrow. The arrow closely misses Terence.
Terence barely misses you.
Unknown command.
Fire: 7 arrows
Press: ? - help, Q - select action, (/) - cycle Shift-Dir - straight line, f/p - Terence
Aim: Terence, wielding a +0 flail and wearing a +0 chain mail (moderately wounded, 69% to hit)
You shoot an arrow. The arrow hits Terence.
Terence is heavily wounded.
Terence barely misses you.
Fire: 6 arrows
Press: ? - help, Q - select action, (/) - cycle Shift-Dir - straight line, f/p - Terence
Aim: Terence, wielding a +0 flail and wearing a +0 chain mail (heavily wounded, 70% to hit)
You shoot an arrow. The arrow barely misses Terence.
Terence hits you with a +0 flail!
* * * LOW HITPOINT WARNING * * *
Terence shouts, "Now you die!"
Found a spear.
A rat comes into view.
There is a stone staircase leading up here.
The rat misses you. The rat closely misses you. The rat closely misses you.
The rat misses you. Terence hits you with a +0 flail.
You die...

#############
#[..........#
#######.##....<...###
###....................#
#.........##.#..###.##.#
#.#)##.......@.......#
#.#)##.##.##r#@####..#
#.#.##.#..........)....
#..............###...#
#.#.###...#........ ..
#.#.###............
###...†.....#....#.....
......................#
.##.###.#..#######.####
.##.# #.#..# .#


You could see Terence.

Vanquished Creatures
  3 worms
  A dart slug (D:2)
  An orc (D:3)
  3 bats
  7 endoplasms
  8 goblins
  10 hobgoblins
  7 jackals
  3 quokkas (D:1)
  4 ball pythons
  5 frilled lizards
  6 kobolds
  9 rats
67 creatures vanquished.

Notes
Turn   | Place    | Note
-------+----------+-------------------------------------------
     0 | D:1      | pyrow613 the Deep Elf Hunter began the quest for the Orb.
     0 | D:1      | Reached XP level 1. HP: 12/12 MP: 3/3
   136 | D:1      | Found Weuttame's General Store.
   152 | D:1      | Found Okhluiw's Magic Scroll Emporium.
   160 | D:1      | Reached XP level 2. HP: 13/16 MP: 4/4
   261 | D:1      | Found a faded altar of an unknown god.
   308 | D:1      | Reached skill level 6 in Bows
   638 | D:1      | Found Erhet's Armour Shop.
   830 | D:1      | Reached XP level 3. HP: 20/20 MP: 5/5
  1575 | D:2      | Reached XP level 4. HP: 25/25 MP: 6/6
  1662 | D:2      | Found a snail-covered altar of Cheibriados.
  1923 | D:3      | Reached skill level 7 in Bows
  2053 | D:3      | Noticed Terence
  2137 | D:3      | Slain by Terence

Illustrated notes

Levels and vault maps discovered:
D:1:      dpeg_arrival_signposts, layout_basic, serial_shops,
          nicolae_shop_statue_plus, nicolae_shop_crystal, nicolae_shop_trees,
          basic_ecumenical_altar
D:2:      layout_rooms, basic_altar
D:3:      layout_loops_ring, uniq_terence

Skill      XL: |  1  2  3  4 |
---------------+-------------+-----
Bows           | 6 7 |  7.0
Dodging        | 3 |  3.7
Fighting       | |  1.5
Stealth        | |  1.2

Action                   |  1- 3 |  4- 6 || total
-------------------------+-------+-------++-------
Melee: Dagger            |    35 |       ||    35
 Fire: Shortbow          |   102 |    53 ||   155
Armor: Leather armour    |     9 |       ||     9
       Scale mail        |       |     7 ||     7
Dodge: Dodged            |    35 |     8 ||    43

Table legend: (Time is in decaauts)
 A = Elapsed time spent in this place.
 B = Non-inter-level travel time spent in this place.
 C = Inter-level travel time spent in this place.
 D = Time resting spent in this place.
 E = Time spent auto-exploring this place.
 F = Levels seen in this place.
 G = Mean time per level.
                   A        B        C        D        E       F      G
               +--------+--------+--------+--------+--------+-----+--------+
         Total |   2128 |   2044 |     84 |     55 |   1513 |   3 |  709.3 |
       Dungeon |   2128 |   2044 |     84 |     55 |   1513 |   3 |  709.3 |
               +--------+--------+--------+--------+--------+-----+--------+

Top non-repeatable levels by time:
     D:1: 1041 daAuts
     D:2: 826 daAuts
     D:3: 261 daAuts
